 Dungeon Crawl Stone Soup version 0.18.1-8-gdd0e5ea (webtiles) character file.

4466 tyvek the Spear-Bearer (level 10, -2/82 HPs)
             Began as a Merfolk Skald on May 22, 2016.
             Was an Elder of Okawaru.
             Slain by an orc warrior
             ... wielding a +2 dire flail of protection
              (14 damage)
             ... on level 8 of the Dungeon.
             The game lasted 00:29:45 (10303 turns).

tyvek the Spear-Bearer (Merfolk Skald)             Turns: 10303, Time: 00:29:46

Health: -2/82      AC:  8    Str: 14    XL:     10   Next: 37%
Magic:  1/24       EV: 19    Int: 13    God:    Okawaru [****..]
Gold:   449        SH:  0    Dex: 18    Spells: 5 memorised, 5 levels left

rFire  . . .     SeeInvis .     a - +0 spear
rCold  . . .     Gourm    .     b - +0 leather armour
rNeg   . . .     Faith    +     (no shield)
rPois  .         Spirit   .     (helmet restricted)
rElec  .         Dismiss  .     n - +2 cloak
rCorr  .         Reflect  .     i - +1 pair of gloves
SustAt .         Harm     .     (no boots)
MR     .....                    B - amulet of faith {Faith, !P}
Stlth  +.........               y - +4 ring of dexterity
                                v - ring of magical power {MP+9}

@: infused (expiring), very slightly contaminated, not resistant to hostile
enchantments, very unstealthy
A: change form in water, swift swim, horns 1
a: Heroism, Renounce Religion


You were on level 8 of the Dungeon.
You worshipped Okawaru.
Okawaru was greatly pleased with you.
You were near starving.

You visited 2 branches of the dungeon, and saw 12 of its levels.

You collected 449 gold pieces.

Inventory:

Hand Weapons
 a - a +0 spear (weapon)
Missiles
 c - a throwing net {=f, !d}
Armour
 b - a +0 leather armour (worn)
 i - a +1 pair of gloves (worn)
   (You found it on level 1 of the Dungeon)
 k - a +0 helmet
   (You found it on level 7 of the Dungeon)
 n - a +2 cloak (worn)
   (You found it on level 1 of the Dungeon)
Jewellery
 j - an uncursed amulet of magic regeneration
   (You found it on level 1 of the Dungeon)
 t - an uncursed ring of protection from cold {unknown}
   (You found it on level 9 of the Dungeon)
 v - a ring of magical power (left hand) {MP+9}
   (You found it on level 3 of the Dungeon)
 y - a +4 ring of dexterity (right hand)
   (You found it on level 8 of the Dungeon)
 B - an amulet of faith (around neck) {Faith, !P}
   (You found it on level 10 of the Dungeon)
 D - a cursed -3 ring of intelligence {unknown}
   (You found it on level 9 of the Dungeon)
Scrolls
 f - a scroll of fear
 g - 2 scrolls of magic mapping {!r}
 m - a scroll of blinking {!r}
 o - a scroll of amnesia
 q - 7 scrolls of remove curse
 r - a scroll of immolation {!r}
 A - a scroll of recharging
 C - a scroll of torment {unknown}
Potions
 s - a potion of flight
 u - a potion of cure mutation {!q}
 w - a potion of lignification {!q}
Comestibles
 d - 5 bread rations {@e1}
 h - a fruit
 l - a royal jelly
 p - 3 meat rations {@e2}
 x - a slice of pizza
 E - a beef jerky


   Skills:
 + Level 8.5 Fighting
 - Level 12.5 Polearms
 - Level 0.6 Armour
 + Level 9.7 Dodging
 + Level 3.9 Spellcasting
 + Level 5.5 Charms


You had 5 spell levels left.
You knew the following spells:

 Your Spells              Type           Power        Failure   Level  Hunger
a - Infusion              Chrm           ###.         2%          1    None
r - Regeneration          Chrm/Necr      #.........   28%         3    ###....
s - Shroud of Golubria    Chrm/Tloc      #.........   14%         2    ##.....
z - Spectral Weapon       Hex/Chrm       #.......     28%         3    ###....
S - Song of Slaying       Chrm           ###.....     4%          2    ##.....


Dungeon Overview and Level Annotations

Branches:
Dungeon (11/15)            Temple (1/1) D:4            Lair (0/8) D:8
    Orc: D:9-12

Altars:
Cheibriados
Dithmenos
Elyvilon
Fedhas
Makhleb
Nemelex Xobeh
Okawaru
Pakellas
Qazlal
Ru
Sif Muna
Trog
Vehumet
Xom
Yredelemnul
Zin
The Shining One

Shops:
D:6 (


Innate Abilities, Weirdness & Mutations

You revert to your normal form in water.
You are very nimble and swift while swimming.
You have a pair of small horns on your head.


Message History

Your spectral weapon shares its damage with you!
Your spectral weapon fades away.
You take 3 damage, and have 44/82 hp.
You hit the orc warrior but do no damage.
You headbutt the orc warrior.
Space distorts slightly along a thin shroud covering your body.
The orc warrior hits you with a dire flail of protection!
Your shroud falls apart!
You take 8 damage, and have 36/82 hp.
You now have 11/24 mp.
Okay, then.
Unknown command.
Okay, then.
Your skin crawls.
You are near starving!
You now have 8/24 mp.
You hit the two-headed ogre!
You headbutt the two-headed ogre, but do no damage.
The orc warrior completely misses you.
You hit the two-headed ogre.
The two-headed ogre hits you with a giant club!
The two-headed ogre closely misses you.
You take 8 damage, and have 29/82 hp.
You now have 7/24 mp.
You hit the two-headed ogre!
The orc warrior hits you but does no damage.
You now have 6/24 mp.
You hit the two-headed ogre!
The two-headed ogre hits you with a giant club!!
* * * LOW HITPOINT WARNING * * *
The two-headed ogre completely misses you.
You take 21 damage, and have 9/82 hp.
MASSIVE DAMAGE!!
You now have 5/24 mp.
You puncture the two-headed ogre!
You kill the two-headed ogre!
Okawaru accepts your kill.
The orc throws a stone.
The stone misses you. The orc warrior barely misses you.
You now have 4/24 mp.
Drink which item? (? for menu, Esc to quit)
You feel better.
The orc throws a stone.
The stone barely misses you.
The orc warrior hits you with a dire flail of protection!
* * * LOW HITPOINT WARNING * * *
You take 4 damage, and have 6/82 hp.
Drink which item? (? for menu, Esc to quit)
You feel better.
Your skin is crawling a little less now.
The orc throws a stone.
The stone closely misses you.
You regained 12 hp, and now have 18/82 hp.
Drink which item? (? for menu, Esc to quit)
You feel better.
The orc warrior hits you with a dire flail of protection!
* * * LOW HITPOINT WARNING * * *
The orc throws a stone.
The stone closely misses you.
You hit the orc warrior. The orc warrior misses you.
You hit the orc warrior but do no damage.
The orc throws a stone.
The stone hits you but does no damage.
You hit the orc warrior but do no damage.
The orc warrior barely misses you.
You hit the orc warrior!
You headbutt the orc warrior, but do no damage.
The orc throws a stone.
The stone barely misses you.
You now have 3/24 mp.
You hit the orc warrior. The orc warrior barely misses you.
You now have 2/24 mp.
You closely miss the orc warrior.
The orc throws a stone.
The stone barely misses you.
You hit the orc warrior but do no damage.
Your skin stops crawling.
The orc warrior completely misses you.
You hit the orc warrior.
The orc throws a stone.
The stone barely misses you.
You now have 1/24 mp.
You barely miss the orc warrior.
You headbutt the orc warrior, but do no damage.
You hit the orc warrior but do no damage.
The orc warrior closely misses you.
The orc throws a stone.
The stone hits you but does no damage.
You hit the orc warrior.
You hit the orc warrior but do no damage.
The orc warrior hits you with a dire flail of protection!
* * * LOW HITPOINT WARNING * * *
You take 12 damage, and have 11/82 hp.
You hit the orc warrior but do no damage.
You hit the orc warrior but do no damage.
Your headbutt misses the orc warrior. The orc warrior misses you.
You closely miss the orc warrior.
You headbutt the orc warrior, but do no damage.
You hit the orc warrior but do no damage.
You headbutt the orc warrior, but do no damage.
The orc warrior closely misses you.
You hit the orc warrior but do no damage.
Your magical infusion is running out.
You hit the orc warrior but do no damage.
The orc warrior misses you.
You closely miss the orc warrior. You closely miss the orc warrior.
You headbutt the orc warrior, but do no damage.
The orc completely misses you.
You hit the orc warrior but do no damage.
The orc warrior hits you with a dire flail of protection!
You die...

#...#
#...#
#(###
##.(#
##O(>#
#..###
##).#
####..##
##@#...#
#.oo(.##
##.####
#..#
#..# ...
..##
.... #.#
o... ##
....


You could see an orc warrior and an orc.

Vanquished Creatures
  A hill giant (D:10)
  A two-headed ogre (D:8)
  3 yaks (D:9)
  2 wargs
  Duvessa (D:7)
  2 sky beasts
  2 orc warriors (D:8)
  2 ice beasts
  4 ogres
  3 centaurs
  5 giant frogs
  Dowan (D:7)
  5 scorpions
  A killer bee (D:8)
  3 crimson imps
  3 howler monkeys
  A quasit (D:9)
  2 jellies
  3 giant frog skeletons
  6 hounds
  4 orc priests
  2 iguanas
  6 orc wizards
  2 worker ants
  15 adders
  A gnoll (D:1)
  3 shadow imps
  An adder zombie (D:9)
  8 worms
  2 dart slugs (D:3)
  4 giant geckos
  15 orcs
  A ball python (D:2)
  5 giant cockroaches
  6 goblins
  12 hobgoblins
  10 jackals
  5 kobolds
  2 quokkas
  11 bats
  A giant newt (D:2)
  A jackal skeleton (D:4)
  A quokka skeleton (D:6)
  17 rats
  A spectral orc (D:4)
187 creatures vanquished.

Vanquished Creatures (others)
  2 fungi
  A plant (D:8)
  A spectral weapon (D:8)
4 creatures vanquished.

Grand Total: 191 creatures vanquished

Notes
Turn   | Place    | Note
--------------------------------------------------------------
     0 | D:1      | tyvek the Merfolk Skald began the quest for the Orb.
     0 | D:1      | Reached XP level 1. HP: 16/16 MP: 3/3
    92 | D:1      | Reached XP level 2. HP: 19/22 MP: 5/5
   148 | D:1      | Reached skill level 4 in Polearms
   633 | D:1      | Reached XP level 3. HP: 21/28 MP: 6/6
  1244 | D:2      | Found a snail-covered altar of Cheibriados.
  1287 | D:2      | Reached skill level 2 in Dodging
  1605 | D:2      | Reached skill level 3 in Fighting
  1629 | D:2      | Found a radiant altar of Vehumet.
  1655 | D:2      | Reached XP level 4. HP: 25/35 MP: 7/7
  2018 | D:2      | Reached skill level 5 in Polearms
  2033 | D:2      | Learned a level 2 spell: Song of Slaying
  2037 | D:2      | Learned a level 3 spell: Regeneration
  2098 | D:2      | Found a sacrificial altar of Ru.
  2558 | D:3      | Reached XP level 5. HP: 39/41 MP: 8/8
  2607 | D:3      | Reached skill level 3 in Dodging
  2697 | D:3      | Found a glowing golden altar of the Shining One.
  2760 | D:3      | Found a shimmering altar of Xom.
  2761 | D:3      | Found a shimmering altar of Xom.
  2761 | D:3      | Found a shimmering altar of Xom.
  2769 | D:3      | Found a shimmering altar of Xom.
  2769 | D:3      | Found a shimmering altar of Xom.
  2770 | D:3      | Found a shimmering altar of Xom.
  2785 | D:3      | Reached skill level 6 in Polearms
  3049 | D:3      | Noticed a moth of wrath
  3051 | D:3      | Found a bloodstained altar of Trog.
  3363 | D:4      | HP: 6/42 [something (16)]
  3385 | D:3      | Reached XP level 6. HP: 20/48 MP: 9/9
  3570 | D:4      | Reached skill level 4 in Fighting
  3630 | D:4      | Reached skill level 7 in Polearms
  3653 | D:4      | Found a staircase to the Ecumenical Temple.
  3659 | Temple   | Entered the Ecumenical Temple
  3739 | Temple   | Became a worshipper of Warmaster Okawaru
  3863 | D:4      | Learned a level 3 spell: Spectral Weapon
  3977 | D:4      | Reached skill level 4 in Dodging
  4016 | D:4      | Found a basalt altar of Yredelemnul.
  4058 | D:4      | Found a shadowy altar of Dithmenos.
  4208 | D:5      | Entered Level 5 of the Dungeon
  4585 | D:5      | Reached XP level 7. HP: 49/55 MP: 10/10
  5042 | D:5      | Reached skill level 8 in Polearms
  5074 | D:5      | Reached skill level 5 in Fighting
  5440 | D:5      | Reached * piety under Okawaru
  5449 | D:5      | Reached skill level 5 in Dodging
  5529 | D:5      | Reached skill level 9 in Polearms
  5529 | D:5      | Reached XP level 8. HP: 51/63 MP: 11/11
  5704 | D:6      | Found Aseni's Antique Weapon Shop.
  5937 | D:6      | Found a stormy altar of Qazlal.
  6518 | D:6      | Reached ** piety under Okawaru
  6518 | D:6      | Reached skill level 10 in Polearms
  6707 | D:7      | Found a glowing silver altar of Zin.
  6707 | D:7      | Noticed Duvessa
  6707 | D:7      | Noticed Dowan
  6734 | D:7      | Killed Duvessa
  6734 | D:7      | Reached skill level 6 in Fighting
  6734 | D:7      | Reached skill level 6 in Dodging
  6742 | D:7      | HP: 12/64 [Dowan/stone arrow (10)]
  6750 | D:7      | Killed Dowan
  7459 | D:7      | Reached skill level 11 in Polearms
  7691 | D:7      | Reached XP level 9. HP: 61/71 MP: 12/12
  7821 | D:7      | Reached skill level 7 in Dodging
  8065 | D:7      | Learned a level 2 spell: Shroud of Golubria
  8264 | D:7      | Paralysed by a centaur for 3 turns
  8390 | D:8      | Reached skill level 7 in Fighting
  8390 | D:8      | Reached skill level 12 in Polearms
  8402 | D:8      | Reached *** piety under Okawaru
  8406 | D:8      | HP: 15/72 [acid (6)]
  8668 | D:8      | Reached skill level 8 in Dodging
  8730 | D:8      | Found a staircase to the Lair.
  9010 | D:8      | HP: 18/72 [orc priest/divine providence (10)]
  9305 | D:8      | You fall through a shaft for 3 floors!
  9335 | D:10     | Entered Level 10 of the Dungeon
  9343 | D:10     | Noticed a hill giant
  9376 | D:10     | Found a blossoming altar of Fedhas.
  9385 | D:10     | Noticed a komodo dragon
  9473 | D:10     | Noticed a hill giant
  9490 | D:10     | Gained mutation: You have a pair of small horns on your head. [potion of beneficial mutation]
  9512 | D:10     | Killed a hill giant
  9512 | D:10     | Reached skill level 4 in Charms
  9732 | D:9      | Reached **** piety under Okawaru
  9742 | D:9      | Reached skill level 3 in Spellcasting
  9754 | D:9      | Reached skill level 9 in Dodging
  9754 | D:9      | Reached XP level 10. HP: 77/80 MP: 14/14
  9831 | D:9      | Reached skill level 8 in Fighting
  9831 | D:9      | Reached skill level 5 in Charms
 10278 | D:8      | HP: 9/82 [two-headed ogre/giant club (21)]
 10294 | D:8      | HP: 11/82 [orc warrior/dire flail of protection (12)]
 10303 | D:8      | Slain by an orc warrior

Skill      XL: |  1  2  3  4  5  6  7  8  9 10 |
---------------+-------------------------------+-----
Polearms       | 4 5 6 7 9 11 12 | 12.5
Dodging        | 2 3 4 5 6 9 |  9.7
Fighting       | 3 4 5 6 7 8 |  8.5
Charms         | 4 5 |  5.5
Spellcasting   | 3 |  3.9
Armour         | |  0.6

Action                   |  1- 3 |  4- 6 |  7- 9 | 10-12 || total
-------------------------+-------+-------+-------+-------++-------
Melee: Spear             |   151 |   400 |   669 |   123 ||  1343
       Headbutt          |       |       |     8 |    23 ||    31
 Cast: Infusion          |     2 |     4 |    11 |     3 ||    20
       Regeneration      |       |       |       |     1 ||     1
       Shroud of Golubri |       |       |       |     1 ||     1
       Spectral Weapon   |       |       |       |     1 ||     1
  Use: Scroll            |     7 |     8 |     8 |     1 ||    24
       Potion            |       |     2 |     7 |     5 ||    14
 Stab: Sleeping          |       |     2 |     1 |       ||     3
       Invisible         |       |     1 |       |       ||     1
       Paralysed         |       |     1 |       |       ||     1
       Held in net/web   |       |       |     1 |       ||     1
  Eat: Chunk             |     2 |     9 |     7 |     1 ||    19
       Fruit             |       |     1 |       |       ||     1
       Bread ration      |       |       |     1 |       ||     1
       Beef jerky        |       |       |     1 |       ||     1
       Meat ration       |       |       |     1 |       ||     1
Armor: Leather armour    |    32 |    91 |    93 |    35 ||   251
Dodge: Dodged            |    60 |   194 |   279 |   148 ||   681

Vault maps used:
D:1:      dpeg_arrival_ratfight
D:2:      nicolae_ru_great_annihilating_truth, fiery_altar_vehumet,
          cheibriados_altar_1
D:3:      tso_oasis_becter, xom_redecorated, tgw_trog
D:4:      yredelemnul_forgotten_temple_becter, lemuel_coloured_pillars_altar,
          minmay_temple_entry_hall, first_bread
D:5:      old_forge, serial_park_tiny_pond
D:6:      lemuel_round_altar, serial_shops, shop, serial_glass, glass_columns_c,
          glass_columns_a
D:7:      marbit_many_paths, minmay_item_behind_shaft, uniq_duvessa
D:8:      kennysheep_seaside_town, lemuel_mausoleum_altar_kikubaaqudgha,
          nicolae_gozag_cash_rules_everything_around_me,
          erik_lair_orcish_takeover, the_bakery,
          nicolae_qazlal_general_emergency
D:9:      kennysheep_mini_moat
D:10:     fedhas_altar_3
D:11:     basic_altar, minmay_unpleasant_kobolds
Temple:   nicolae_temple_great_sept

Table legend:
 A = Turns spent in this place as a percentage of turns spent in the entire game.
 B = Non-inter-level travel turns spent in this place as a percentage of non-inter-level travel turns spent in the entire game.
 C = Inter-level travel turns spent in this place as a percentage of turns spent in this place.
 D = Turns resting spent in this place as a percentage of non-inter-level travel turns spent in this place.
 E = Turns spent auto-exploring this place as a percentage of non-inter-level travel turns spent in this place.
 F = Non-inter-level travel turns spent in this place divided by the number of levels of this place that you've seen.
                   A       B       C       D       E      F
               +-------+-------+-------+-------+-------+----------------------
         Total | 100.0 | 100.0 |   0.4 |   3.2 |   8.2 | 254.5
       Dungeon |  99.1 |  99.1 |   0.3 |   3.3 |   7.9 | 275.3
        Temple |   0.9 |   0.9 |   3.7 |   0.0 |  46.2 |  26.0
               +-------+-------+-------+-------+-------+----------------------

Table legend:
 A = Kills in this place as a percentage of kills in entire the game.
 B = Kills by you in this place as a percentage of kills by you in the entire game.
 C = Kills by friends in this place as a percentage of kills by friends in the entire game.
 D = Other kills in this place as a percentage of other kills in the entire game.
 E = Experience gained in this place as a percentage of experience gained in the entire game.
 F = Experience gained in this place divided by the number of levels of this place that you have seen.
                   A       B       C       D       E      F
               +-------+-------+-------+-------+-------+----------------------
         Total | 100.0 | 100.0 |  -nan |  -nan | 100.0 | 531.7
       Dungeon | 100.0 | 100.0 |  -nan |  -nan | 100.0 | 580.0
               +-------+-------+-------+-------+-------+----------------------
